 Dungeon Crawl Stone Soup version 0.22.0 (webtiles) character file.

44821 Gorglomux the Fighter (level 13, -2/123 HPs)
             Began as a Minotaur Fighter on Aug 10, 2018.
             Was the Champion of Okawaru.
             Killed from afar by an ice dragon (46 damage)
             ... with a blast of cold
             ... on level 15 of the Dungeon.
             The game lasted 00:10:44 (11885 turns).

Gorglomux the Fighter (Minotaur Fighter)           Turns: 11885, Time: 00:10:44

Health: -2/123     AC: 27    Str: 30    XL:     13   Next: 98%
Magic:  13/18      EV:  8    Int:  6    God:    Okawaru [******]
Gold:   500        SH: 14    Dex: 10    Spells: 12/12 levels left

rFire    . . .     SeeInvis +   J - +7 broad axe (vamp) {god gift}
rCold    . . .     Gourm    .   c - +0 shield
rNeg     . . .     Faith    .   r - +4 plate armour
rPois    .         Spirit   .   L - +0 hat {MR+} {god gift}
rElec    .         Reflect  .   O - +2 cloak
rCorr    .         Harm     .   u - +0 pair of gloves
MR       +....                  X - +0 pair of boots {Fly}
Stlth    ..........             (no amulet)
HPRegen  0.30/turn              s - ring of see invisible
MPRegen  0.16/turn              x - +5 ring of strength

@: finesse, flying
A: retaliatory headbutt, horns 2
a: Heroism, Finesse, Renounce Religion, Stop Flying


You were on level 15 of the Dungeon.
You worshipped Okawaru.
Okawaru was exalted by your worship.
You were not hungry.

You visited 2 branches of the dungeon, and saw 16 of its levels.
You also visited: Ossuary.

You collected 884 gold pieces.
You spent 384 gold pieces at shops.

Inventory:

Hand Weapons
 J - a +7 vampiric broad axe (weapon) {god gift}
Missiles
 Z - 2 throwing nets (quivered)
Armour
 c - a +0 shield (worn)
 p - +0 fire dragon scales
 r - a +4 plate armour (worn)
 u - a +0 pair of gloves (worn)
 L - a +0 hat of magic resistance (worn) {god gift}
 O - a +2 cloak (worn)
 X - a +0 pair of boots of flying (worn)
Jewellery
 s - a ring of see invisible (left hand)
 x - a +5 ring of strength (right hand)
 K - an uncursed ring of protection from cold {unknown}
 M - an uncursed amulet of the gourmand {unknown}
Wands
 D - a wand of digging (17)
 P - a wand of paralysis (13)
Scrolls
 n - a scroll of enchant weapon
 o - 3 scrolls of random uselessness {unknown}
 q - 2 scrolls of acquirement {unknown}
 t - 3 scrolls of magic mapping {unknown}
 v - 2 scrolls of noise {unknown}
 w - a scroll of vulnerability {unknown}
 B - a scroll of blinking
 C - 2 scrolls of fog
 E - 5 scrolls of amnesia
 I - a scroll of immolation
 N - a scroll of torment {unknown}
 R - 10 scrolls of identify
 S - 2 scrolls of fear {unknown}
 T - 6 scrolls of teleportation
 W - 9 scrolls of remove curse {unknown}
Potions
 d - 5 potions of might
 j - 6 potions of flight
 k - a potion of mutation {unknown}
 l - 2 potions of lignification
 m - 3 potions of brilliance
 y - 2 potions of haste
 A - a potion of resistance
 F - a potion of magic
 G - 3 potions of heal wounds
 H - 3 potions of agility
 Q - 11 potions of curing
 U - 2 potions of ambrosia {unknown}
 V - a potion of cancellation {unknown}
Miscellaneous
 z - a lightning rod (4/4)
 Y - a lamp of fire
Comestibles
 f - 25 rations
 i - 7 chunks of flesh


   Skills:
 + Level 13.7 Fighting
 + Level 13.5 Axes
 + Level 13.7 Armour
 + Level 13.7 Shields
 - Level 9.0 Invocations


You had 12 spell levels left.
You didn't know any spells.
Your spell library was empty.

Dungeon Overview and Level Annotations

Branches:
Dungeon (15/15)            Temple (1/1) D:5            Lair (0/6) D:11
    Orc (0/2) D:9          Vaults (0/5) D:14
 Depths: D:15

Altars:
Cheibriados
Elyvilon
Fedhas
Hepliaklqana
Makhleb
Nemelex Xobeh
Okawaru
Qazlal
Ru
Sif Muna
Uskayaw
Vehumet
Wu Jian
Xom
Yredelemnul
Zin
The Shining One

Shops:
D:8 *[(   D:10 }   D:13 =   D:14 %

Portals:
Ice
Cave: D:15

Annotations:
D:5 1 runed door


Innate Abilities, Weirdness & Mutations

You reflexively headbutt those who attack you in melee.
You have a pair of horns on your head.


Message History

You feel butt!
The fire dragon is moderately wounded!
You chop the ice dragon but do no damage!
The fire dragon breathes flames at you! The butt of flame hits you!!!
The ice dragon butts you but does no damage!
The ice dragon claws you but does no damage!
The ice dragon tramples butt but does no damage!
You completely miss the fire dragon!
The fire dragon is moderately wounded!
You closely miss the ice dragon! You block the fire butt's attack!
The fire dragon claws you! The fire dragon closely misses you!
You block the ice dragon's attack!
The ice dragon claws you but does no damage!
The ice dragon tramples you!!!
You are butt backwards!!!
Unknown butt!
You can now deal lightning-fast blows!
The ice dragon breathes frost at you! The blast of cold hits you!!! rip

#.#....# #..####.........## #
#......###........#####.## #
#......##.....##.### #.# #
#...∩...........##.# #.#
#......##.....###..## #.#
#......##.)...##....###.#
##....####.....#..8......# #####
...............#.....###.####....
###.......#.#..#@##.## #......###
###..###....####D#### ##########
≈≈#..# #.##..##.D.# #... ≈≈#..#
#.#####..#/.# #.## ..#..###.# #$.
.$# #.#. ..)...##.# #$. .$# #...
.≈#....#.#####$. .$# #...
.≈#....#.... #$. .$# #...
≈≈#[......# ##. .## #...


You could see a fire dragon and an ice dragon.

Vanquished Creatures
  Rupert (D:15)
  A fire dragon (D:14)
  2 hydras
  2 rakshasas
  3 centaur warriors
  3 two-headed ogres
  3 tengu warriors (D:15)
  Nergalle (D:10)
  4 skeletal warriors (D:12)
  2 unseen horrors
  Pikel (D:7)
  2 deep elf magi
  2 cyclopes
  2 manticores (D:15)
  3 ugly things
  Maurice (D:9)
  4 centaur zombies
  A black mamba (shapeshifter) (D:14)
  7 gargoyles
  An efreet (D:14)
  3 kobold demonologists
  A tengu conjurer (D:15)
  7 trolls
  A hornet (D:7)
  7 slime creatures
  8 hippogriffs
  2 centaur simulacra (D:15)
  A spriggan (D:8)
  A vampire (D:9)
  A shadow (D:15)
  A wraith (D:13)
  27 yaks
  A wyvern (D:9)
  A fire bat (shapeshifter) (D:13)
  Eustachio (D:6)
  A basilisk (D:14)
  4 hungry ghosts
  6 vampire mosquitoes
  A soldier ant (shapeshifter) (D:14)
  An acid dragon (D:14)
  A water moccasin (shapeshifter) (D:11)
  2 soldier ants
  8 orc warriors
  An ice beast (shapeshifter) (D:14)
  2 slaves (D:7)
  A sky beast (shapeshifter) (D:14)
  5 sky beasts
  A hornet zombie (D:15)
  13 ice beasts
  3 phantoms
  11 ogres
  4 eyes of draining
  14 centaurs
  4 boggarts (D:15)
  A big kobold (D:9)
  An elf zombie (Ossuary)
  A gnoll sergeant (D:12)
  2 wyvern zombies
  2 bullfrogs (D:7)
  2 wyvern skeletons
  6 scorpions
  A howler monkey (D:7)
  6 crimson imps
  4 bullfrog zombies
  9 hounds
  2 human zombies (Ossuary)
  A quasit (D:8)
  2 jellies
  A wyvern simulacrum (D:15)
  A bullfrog skeleton (D:12)
  8 orc wizards
  3 centaur skeletons
  10 orc priests
  Jessica (D:2)
  Natasha (thrice) (D:4)
  2 iguanas
  8 worker ants
  2 big kobold zombies (Ossuary)
  A killer bee zombie (D:5)
  3 hound zombies (Ossuary)
  4 mummies (Ossuary)
  A worker ant zombie (D:9)
  8 gnolls
  13 adders
  2 shadow imps
  5 white imps (D:15)
  An ooze (D:3)
  An adder skeleton (D:9)
  2 adder zombies
  5 worms
  2 dart slugs
  2 leopard geckos
  44 orcs
  4 giant cockroaches
  9 goblins
  9 hobgoblins
  8 jackals
  5 quokkas
  2 ball pythons
  10 bats
  2 frilled lizards
  2 goblin zombies (Ossuary)
  9 kobolds
  A kobold zombie (Ossuary)
  A leopard gecko skeleton (D:8)
  6 rats
  A rat zombie (Ossuary)
  4 plants (D:11)
438 creatures vanquished.

Vanquished Creatures (others)
  A shadow (D:11)
  A slave (D:7)
  An orc wizard (D:7)
  An orc (D:7)
4 creatures vanquished.

Grand Total: 442 creatures vanquished

Notes
Turn   | Place    | Note
-------+----------+-------------------------------------------
     0 | D:1      | Gorglomux the Minotaur Fighter began the quest for the Orb.
     0 | D:1      | Reached XP level 1. HP: 19/19 MP: 0/0
   103 | D:1      | Reached XP level 2. HP: 27/27 MP: 1/1
   406 | D:1      | Reached skill level 3 in Axes
   498 | D:2      | Reached XP level 3. HP: 33/33 MP: 2/2
   864 | D:2      | Noticed Jessica
   868 | D:2      | Killed Jessica
   868 | D:2      | Reached XP level 4. HP: 30/41 MP: 3/3
  1229 | D:3      | Found a radiant altar of Vehumet.
  1349 | D:3      | Reached XP level 5. HP: 41/47 MP: 4/4
  1362 | D:3      | Found a faded altar of an unknown god.
  1362 | D:3      | Noticed an ogre
  1370 | D:3      | Killed an ogre
  2036 | D:4      | Reached XP level 6. HP: 48/56 MP: 5/5
  2262 | D:4      | Found a stormy altar of Qazlal.
  2265 | D:4      | Noticed Natasha
  2270 | D:4      | Killed Natasha
  2273 | D:4      | Noticed Natasha
  2284 | D:4      | Killed Natasha
  2385 | D:4      | Noticed Natasha
  2397 | D:4      | Killed Natasha
  2397 | D:4      | Reached XP level 7. HP: 50/62 MP: 6/6
  2656 | D:5      | Entered Level 5 of the Dungeon
  2897 | D:5      | Found a sand-covered staircase.
  2938 | D:5      | Reached skill level 6 in Armour
  2969 | Ossuary  | Entered an ossuary
  2975 | Ossuary  | Reached skill level 6 in Shields
  2981 | Ossuary  | Reached skill level 6 in Fighting
  3413 | D:5      | Found a staircase to the Ecumenical Temple.
  3456 | Temple   | Entered the Ecumenical Temple
  3583 | Temple   | Became a worshipper of Warmaster Okawaru
  3620 | D:5      | Found a runed door.
  3675 | D:5      | Reached skill level 6 in Axes
  3675 | D:5      | Reached XP level 8. HP: 71/71 MP: 7/7
  3898 | D:6      | Reached skill level 1 in Invocations
  4187 | D:6      | Reached * piety under Okawaru
  4242 | D:6      | Found a sparkling altar of Nemelex Xobeh.
  4243 | D:6      | Found a deep blue altar of Sif Muna.
  4263 | D:6      | Noticed Eustachio
  4286 | D:6      | Killed Eustachio
  4574 | D:6      | Found a glowing golden altar of the Shining One.
  4578 | D:6      | Found a hazy altar of Hepliaklqana.
  4578 | D:6      | Found a sacrificial altar of Ru.
  4796 | D:7      | Noticed a hippogriff
  4802 | D:7      | Killed a hippogriff
  4853 | D:7      | Reached ** piety under Okawaru
  4856 | D:7      | Reached skill level 3 in Invocations
  4900 | D:7      | Reached XP level 9. HP: 42/80 MP: 10/10
  5157 | D:7      | Noticed Pikel
  5173 | D:7      | Killed Pikel
  5214 | D:7      | Found a shimmering altar of Xom.
  5218 | D:7      | Found a burning altar of Makhleb.
  5390 | D:8      | Found Suwneeb's Antique Armour Emporium.
  5390 | D:8      | Found Fajau's Assorted Antiques.
  5391 | D:8      | Found Olef's Weapon Emporium.
  5392 | D:8      | Found Dimm's Antique Weapon Emporium.
  5398 | D:8      | Bought a +1 war axe of freezing for 146 gold pieces
  5403 | D:8      | Bought a pair of embroidered boots for 210 gold pieces
  5403 | D:8      | Bought a scroll labeled NOEMYK PITOE for 28 gold pieces
  5463 | D:8      | Reached *** piety under Okawaru
  5489 | D:8      | Got a glittering pewter ring
  5494 | D:8      | Identified the ring "Qovuigh" {Fire Dex+4} (You found it on level 8 of the Dungeon)
  5741 | D:8      | Reached skill level 9 in Armour
  5847 | D:8      | Reached skill level 9 in Fighting
  5847 | D:8      | Reached skill level 9 in Shields
  6026 | D:9      | Noticed Maurice
  6039 | D:9      | Killed Maurice
  6039 | D:9      | Reached XP level 10. HP: 91/91 MP: 9/11
  6057 | D:9      | Reached skill level 9 in Axes
  6102 | D:9      | Reached **** piety under Okawaru
  6274 | D:9      | Reached ***** piety under Okawaru
  6847 | D:9      | Found a staircase to the Orcish Mines.
  7511 | D:10     | Entered Level 10 of the Dungeon
  7537 | D:10     | Received a gift from Okawaru
  7591 | D:10     | Noticed Nergalle
  7621 | D:10     | Killed Nergalle
  7621 | D:10     | Reached XP level 11. HP: 70/101 MP: 11/13
  7925 | D:10     | Noticed a two-headed ogre
  7934 | D:10     | Killed a two-headed ogre
  8052 | D:10     | Found Awurus's Gadget Boutique.
  8238 | D:11     | Noticed a deep elf mage
  8238 | D:11     | Noticed a brown ugly thing
  8241 | D:11     | Noticed a centaur warrior
  8254 | D:11     | Killed a deep elf mage
  8258 | D:11     | Killed a brown ugly thing
  8259 | D:11     | Noticed a two-headed ogre
  8268 | D:11     | Killed a centaur warrior
  8268 | D:11     | Received a gift from Okawaru
  8273 | D:11     | Killed a two-headed ogre
  8364 | D:11     | Found the +5 demon whip "Spellbinder" {antimagic, MR+}
  8567 | D:11     | Found a staircase to the Lair.
  8972 | D:11     | Found a sacrificial altar of Ru.
  9132 | D:12     | Noticed a brown ugly thing
  9140 | D:12     | Killed a brown ugly thing
  9290 | D:12     | Reached skill level 6 in Invocations
  9296 | D:12     | Reached XP level 12. HP: 103/110 MP: 15/15
  9383 | D:12     | Received a gift from Okawaru
  9431 | D:12     | Reached skill level 12 in Armour
  9431 | D:12     | Reached skill level 12 in Shields
  9643 | D:12     | Reached skill level 12 in Fighting
  9673 | D:12     | Noticed a centaur warrior
  9681 | D:12     | Killed a centaur warrior
  9681 | D:12     | Reached ****** piety under Okawaru
  9877 | D:13     | Received a gift from Okawaru
  9880 | D:13     | Reached skill level 12 in Axes
 10027 | D:13     | Found Otyreg's Jewellery Boutique.
 10518 | D:14     | Noticed a four-headed hydra
 10526 | D:14     | Killed a nine-headed hydra
 10585 | D:14     | Reached XP level 13. HP: 119/119 MP: 17/17
 10594 | D:14     | Found a gate to the Vaults.
 10746 | D:14     | Noticed a fire dragon
 10757 | D:14     | Killed a fire dragon
 10880 | D:14     | Found Vitiq's Food Shop.
 11247 | D:15     | Entered Level 15 of the Dungeon
 11325 | D:15     | Received a gift from Okawaru
 11527 | D:15     | Found a frozen archway.
 11691 | D:15     | Noticed Rupert
 11708 | D:15     | Killed Rupert
 11708 | D:15     | Received a gift from Okawaru
 11708 | D:15     | Reached skill level 9 in Invocations
 11772 | D:15     | Identified the +7 chain mail of New Discoveries {god gift, +Fly Str+5} (Okawaru gifted it to you on level 15 of the Dungeon)
 11879 | D:15     | Noticed a fire dragon
 11885 | D:15     | Killed from afar by an ice dragon

Skill      XL: |  1  2  3  4  5  6  7  8  9 10 11 12 13 |
---------------+----------------------------------------+-----
Armour         | 4 5 6 7 9 10 11 12 13 | 13.7
Fighting       | 4 5 6 7 9 10 11 12 13 | 13.7
Shields        | 4 5 6 7 9 10 11 12 13 | 13.7
Axes           | 3 4 5 6 7 8 10 11 12 13 | 13.5
Invocations    | 3 4 6 7 9 |  9.0

Action                   |  1- 3 |  4- 6 |  7- 9 | 10-12 | 13-15 || total
-------------------------+-------+-------+-------+-------+-------++-------
Melee: War axe           |    92 |   121 |   326 |   164 |       ||   703
       Headbutt          |     7 |    19 |    57 |   114 |    70 ||   267
       Broad axe         |       |       |       |   380 |   267 ||   647
Invok: Heroism           |       |       |     3 |    14 |     4 ||    21
       Finesse           |       |       |       |     1 |     4 ||     5
  Use: Scroll            |       |       |     8 |    12 |     1 ||    21
       Potion            |       |       |       |     2 |     1 ||     3
 Stab: Confused          |       |       |       |     1 |     1 ||     2
  Eat: Chunk             |       |     5 |     9 |    15 |     5 ||    34
       Ration            |       |       |     1 |     2 |     2 ||     5
Armor: Scale mail        |    37 |     3 |       |       |       ||    40
       Chain mail        |       |    70 |   149 |   161 |       ||   380
       Plate armour      |       |       |       |   116 |   156 ||   272
Dodge: Dodged            |    34 |    37 |    95 |   160 |    69 ||   395
Block: Shield            |    61 |    63 |   221 |   360 |   194 ||   899
